 Dungeon Crawl Stone Soup version 0.19-a0-1341-g3513869 (webtiles) character file.

121 truemonolith the Cudgeler (level 5, 0/30 HPs)
             Began as a Gargoyle Gladiator on Aug 30, 2016.
             Slain by a killer bee (5 damage)
             ... on level 3 of the Dungeon on Sept 1, 2016.
             The game lasted 00:04:56 (1890 turns).

truemonolith the Cudgeler (Gargoyle Gladiator)      Turns: 1890, Time: 00:04:57

Health: 0/30       AC: 15    Str: 19    XL:     5   Next: 5%
Magic:  5/5        EV: 10    Int:  8    God:
Gold:   132        SH:  2    Dex:  9    Spells: 0 memorised, 4 levels left

rFire  . . .     SeeInvis .     a - +0 flail
rCold  . . .     Gourm    .     o - +0 scale mail
rNeg   + . .     Faith    .     (no shield)
rPois  ∞         Spirit   .     c - +0 helmet
rElec  +         Dismiss  .     (no cloak)
rCorr  .         Reflect  .     m - +0 pair of gloves
MR     .....     Harm     .     q - +0 pair of boots
Stlth  ..........               (no amulet)
                                (no ring)
                                (no ring)

@: no status effects
A: talons 1, large bone plates 1, clumsy 1, negative energy resistance 1,
electricity resistance, unbreathing, petrification resistance, rot immunity, AC
+4
a: no special abilities


You were on level 3 of the Dungeon.
You were hungry.

You visited 1 branch of the dungeon, and saw 3 of its levels.

You collected 132 gold pieces.

Inventory:

Hand Weapons
 a - a +0 flail (weapon)
Missiles
 d - 3 throwing nets (quivered)
Armour
 b - a +0 leather armour
 c - a +0 helmet (worn)
 m - a +0 pair of gloves (worn)
 o - a +0 scale mail (worn)
 q - a +0 pair of boots (worn)
Jewellery
 n - an uncursed ring of protection from cold {unknown}
Wands
 k - a wand of slowing (27/48)
Scrolls
 g - a scroll of enchant armour {unknown}
 h - a scroll of noise {unknown}
 j - 5 scrolls of identify {unknown}
 r - a scroll of enchant weapon {unknown}
Potions
 e - a potion of curing
 p - 2 potions of heal wounds {unknown}
 s - a potion of flight {unknown}
 t - a potion of might {unknown}
Comestibles
 f - 2 bread rations
 l - a meat ration


   Skills:
 - Level 2.1 Fighting
 + Level 5.5 Maces & Flails
 - Level 1.7 Throwing
 - Level 2.4 Dodging


You had 4 spell levels left.
You didn't know any spells.

Dungeon Overview and Level Annotations

Branches:
Dungeon (3/15)

Altars:
Dithmenos


Innate Abilities, Weirdness & Mutations

You are resistant to torment.
Your stone body is resilient. (AC +4)
You are immune to poison.
You resist negative energy. (rN+)
You are resistant to electric shocks. (rElec)
You can survive without breathing.
You are immune to petrification.
You are immune to rotting.
You have sharp toenails.
You are partially covered in large bone plates. (AC +2, SH +2)
You are clumsy. (Dex -2)


Message History

The killer bee is lightly wounded.
The killer bee barely misses you. You block the killer bee's attack.
You closely miss the killer bee.
The killer bee is lightly wounded.
The killer bee stings you but does no damage.
The killer bee closely misses you. The killer bee completely misses you.
You hit the killer bee but do no damage.
The killer bee is lightly wounded.
You are feeling hungry.
The killer bee stings you.
* * * LOW HITPOINT WARNING * * *
The killer bee stings you but does no damage.
You miss the killer bee.
The killer bee is lightly wounded.
The killer bee stings you but does no damage.
The killer bee barely misses you.
You barely miss the killer bee.
The killer bee is lightly wounded.
The killer bee barely misses you. The killer bee stings you.
You die...

#..## #..≈####+####
#..§≈≈≈≈.≈≈≈≈
#......§.####
#.......§)..###
#......<##....#
############..###
##########...#########
#.....@yyyK..........##
#############..##..#...
##...# ... ###.##..K.
#...[.# #....#....#
#......##..r #....###
#. #....


You could see 3 killer bees and a kobold.

Vanquished Creatures
  Terence (D:2)
  4 adders (D:2)
  An adder zombie (D:1)
  2 dart slugs (D:1)
  A giant gecko (D:1)
  8 bats
  2 giant cockroaches (D:1)
  7 goblins
  5 hobgoblins
  6 jackals (D:1)
  A ball python zombie (D:1)
  3 giant newts
  4 kobolds
  5 rats
50 creatures vanquished.

Notes
Turn   | Place    | Note
-------+----------+-------------------------------------------
     0 | D:1      | truemonolith the Gargoyle Gladiator began the quest for the Orb.
     0 | D:1      | Reached XP level 1. HP: 12/12 MP: 1/1
    86 | D:1      | Reached XP level 2. HP: 12/17 MP: 2/2
   483 | D:1      | Reached skill level 4 in Maces & Flails
   491 | D:1      | Reached XP level 3. HP: 15/21 MP: 3/3
  1028 | D:1      | Upgraded the game from 0.19-a0-1292-g796ee4d to 0.19-a0-1341-g3513869
  1130 | D:2      | Noticed Terence
  1154 | D:2      | Killed Terence
  1154 | D:2      | Reached skill level 5 in Maces & Flails
  1154 | D:2      | Reached XP level 4. HP: 16/26 MP: 4/4
  1204 | D:2      | Found a shadowy altar of Dithmenos.
  1600 | D:2      | Reached XP level 5. HP: 30/30 MP: 5/5
  1878 | D:3      | Gained mutation: You are partially covered in large bone plates. (AC +2, SH +2) [potion of mutation]
  1878 | D:3      | Gained mutation: You have sharp toenails. [potion of mutation]
  1878 | D:3      | Gained mutation: You are clumsy. (Dex -2) [potion of mutation]
  1890 | D:3      | Slain by a killer bee

Vault maps used:
D:1:      saegor_arrival_fortress
D:2:      grunt_dithmenos_smoke, uniq_terence
D:3:      lightli_temple_of_fire, dancing_weapons_uskayaw,
          serial_bayou_crossing, uniq_iyjb

Skill      XL: |  1  2  3 |
---------------+----------+-----
Maces & Flails | 4 5 |  5.5
Fighting       | |  2.1
Throwing       | |  1.7
Dodging        | |  2.4

Action                   |  1- 3 |  4- 6 || total
-------------------------+-------+-------++-------
Melee: Flail             |   122 |    70 ||   192
  Use: Potion            |     1 |     2 ||     3
  Eat: Chunk             |       |     3 ||     3
Armor: Leather armour    |   102 |     9 ||   111
       Scale mail        |       |    48 ||    48
Dodge: Dodged            |   139 |    60 ||   199
Block: Other             |       |     3 ||     3
